[Event "Titled Tuesday Blitz May 16 Late 2023"]
[White "Kielinkei"]
[Black "Rosen, Eric"]
[BlackFideId "2032562"]
[WhiteElo "2421"]
[BlackElo "2331"]
[Result "1/2-1/2"]
[Round "06"]
[TimeControl "180+2"]
[Date "2023.05.16"]
[WhiteClock "0:00:11"]
[BlackClock "0:00:02"]

1. Nf3 d5 2. g3 Nf6 3. Bg2 e6 4. O-O Be7 5. d4 b5 6. a4 b4 7. Nbd2 O-O 8. c4 bxc3 9. bxc3 c5 10. Ba3 Nbd7 11. c4 Bb7 12. cxd5 Bxd5 13. dxc5 Bxc5 14. Bxc5 Nxc5 15. Rc1 Qa5 16. Nc4 Qxa4 17. Qxa4 Nxa4 18. Nfe5 Bxg2 19. Kxg2 Nb6 20. Nxb6 axb6 21. Rb1 Rfb8 22. Rb2 Nd5 23. Rfb1 f6 24. Nd7 Rb7 25. Nxb6 Rab8 26. Nc4 Rxb2 27. Rxb2 Rxb2 28. Nxb2 Kf7 29. Nc4 Nc3 30. Kf3 Nd5 31. Nd6+ Ke7 32. Nc4 e5 33. e4 Nc7 34. Ne3 g6 35. h4 Ke6 36. Kg4 h5+ 37. Kf3 Nb5 38. Nd5 f5 39. Nb4 Nd6 40. exf5+ gxf5 41. Nc2 Ne4 42. Ne3 Nf6 43. Nc2 Nd5 44. Ne3 e4+ 45. Ke2 Nf6 46. f3 Ke5 47. fxe4 Nxe4 48. Kf3 Nd6 49. Ng2 Ne4 50. Nf4 Nd2+ 51. Ke2 Ne4 52. Nxh5 f4 53. gxf4+ Kf5 54. Kf3 Nd2+ 55. Ke3 Nc4+ 56. Kf3 Nd2+ 57. Kg3 Nf1+ 58. Kh3 Nd2 59. Kg2 Kg4 60. Nf6+ Kxf4 61. Kh3 Kf5 62. Nd5 Ne4 63. h5 Ng5+ 64. Kh4 Nf3+ 65. Kg3 Ne5 66. Nf4 Kg5 67. Nh3+ Kxh5 1/2-1/2


[Site "https://www.chess.com"]

[Event "Titled Tuesday Blitz May 16 Late 2023"]
[White "Korchmar, Vasiliy"]
[Black "Martin Barcelo, Carles"]
[WhiteFideId "24131750"]
[BlackFideId "24561444"]
[WhiteElo "2370"]
[BlackElo "2089"]
[Result "1-0"]
[Round "06"]
[TimeControl "180+2"]
[Date "2023.05.16"]
[WhiteClock "0:00:50"]
[BlackClock "0:00:00"]

1. Nf3 Nf6 2. b3 g6 3. Bb2 Bg7 4. g3 O-O 5. Bg2 d6 6. O-O e5 7. c4 Re8 8. d3 c6 9. Nbd2 Nbd7 10. Qc2 d5 11. cxd5 cxd5 12. Rfc1 e4 13. dxe4 dxe4 14. Ng5 e3 15. fxe3 Ng4 16. Nxf7 Qb6 17. Nc4 Nxe3 18. Nxb6 Nxc2 19. Nxa8 Nxa1 20. Bxg7 Kxg7 21. Nd6 Rxe2 22. Nxc8 Nc2 23. Bxb7 Nc5 24. Bf3 Rd2 25. Bd1 Ne1 26. Rxc5 Rxd1 27. Kf2 Ra1 28. Ra5 Kf6 29. Nxa7 g5 30. Nb6 h5 31. Nc4 g4 32. Nc6 Nf3 33. Rxh5 Nxh2 34. Nb4 Nf3 35. Ke3 Rd1 36. Nd3 Ng5 37. Rxg5 Kxg5 38. a3 Rg1 39. Kf2 Rd1 40. Nce5 Rb1 41. b4 Kf5 42. a4 Ke4 43. a5 Ra1 44. Ke2 Ra2+ 45. Kd1 Kd4 46. Kc1 Kc3 47. Kb1 Ra4 48. Nd7 Kxd3 49. Nc5+ Kc4 50. Nxa4 Kxb4 51. a6 1-0


[Site "https://www.chess.com"]

[Event "Titled Tuesday Blitz May 16 Late 2023"]
[White "BenchGM"]
[Black "Piesik, Piotr"]
[BlackFideId "1136194"]
[WhiteElo "2418"]
[BlackElo "2299"]
[Result "0-1"]
[Round "06"]
[TimeControl "180+2"]
[Date "2023.05.16"]
[WhiteClock "0:00:27"]
[BlackClock "0:01:00"]

1. Nf3 g6 2. c4 Bg7 3. Nc3 Nc6 4. g3 d6 5. Bg2 e5 6. d3 f5 7. O-O Nf6 8. Rb1 a5 9. a3 O-O 10. Bd2 h6 11. b4 axb4 12. axb4 Be6 13. b5 Ne7 14. Qc2 g5 15. b6 c6 16. c5 Ng6 17. cxd6 Qxd6 18. Na4 Rf7 19. Bb4 Qd8 20. Nc5 Bc8 21. Ra1 Rxa1 22. Rxa1 Nd5 23. Rb1 Qxb6 24. Be1 Qc7 25. Nd2 b6 26. Na4 b5 27. Nc5 e4 28. dxe4 Nc3 29. Rb3 Nxe2+ 30. Kh1 Nd4 31. Qa2 Nxb3 32. Qxb3 Kh7 33. exf5 Bxf5 34. Ne6 Bxe6 35. Qxe6 Re7 36. Qf5 Rxe1+ 37. Nf1 Qe5 38. Qc2 Qe2 0-1


[Site "https://www.chess.com"]

[Event "Titled Tuesday Blitz May 16 Late 2023"]
[White "Mortazavi, Ali"]
[Black "Rangel, Daniel"]
[WhiteFideId "401323"]
[BlackFideId "2124475"]
[WhiteElo "2339"]
[BlackElo "2256"]
[Result "1-0"]
[Round "06"]
[TimeControl "180+2"]
[Date "2023.05.16"]
[WhiteClock "0:00:12"]
[BlackClock "0:00:00"]

1. Nf3 Nf6 2. g3 g6 3. Bg2 Bg7 4. O-O O-O 5. d3 d5 6. Nbd2 b6 7. e4 Bb7 8. e5 Ne8 9. e6 f6 10. h4 c5 11. h5 Nc7 12. hxg6 hxg6 13. Re1 f5 14. Ng5 Nc6 15. c3 Rf6 16. Ndf3 Qc8 17. Qe2 Nd8 18. Bf4 Ncxe6 19. Be5 Nxg5 20. Nxg5 Nf7 21. Bxf6 Bxf6 22. Ne6 Qc6 23. d4 c4 24. Nf4 Kg7 25. a4 Rh8 26. a5 b5 27. a6 Ba8 28. Qe6 Qxe6 29. Nxe6+ Kg8 30. Nc7 Bc6 31. Nxd5 Bxd5 32. Bxd5 Kg7 33. Ra5 Rb8 34. Bc6 Nd6 35. Kg2 b4 36. Re3 bxc3 37. bxc3 Rb2 38. Bf3 g5 39. Rc5 g4 40. Ba8 Rb6 41. Rc7 Rxa6 42. Re6 Ra2 43. Rxd6 Kg6 44. Rd8 f4 45. gxf4 Kf5 46. Rxc4 Kxf4 47. d5+ Kg5 48. d6 exd6 49. Rxd6 Be5 50. Rd5 Kf6 51. Rc6+ Kf5 52. Rcc5 1-0


[Site "https://www.chess.com"]

[Event "Titled Tuesday Blitz May 16 Late 2023"]
[White "reevecanada"]
[Black "Golubev, Mikhail"]
[BlackFideId "14100983"]
[WhiteElo "2405"]
[BlackElo "2374"]
[Result "0-1"]
[Round "06"]
[TimeControl "180+2"]
[Date "2023.05.16"]
[WhiteClock "0:00:15"]
[BlackClock "0:00:09"]

1. e4 c5 2. Nf3 d6 3. Bb5+ Bd7 4. Bxd7+ Nxd7 5. O-O Ngf6 6. Re1 e6 7. c3 Be7 8. d4 O-O 9. h3 Rc8 10. Bf4 Qb6 11. Qe2 cxd4 12. cxd4 d5 13. e5 Ne4 14. a3 f6 15. Nbd2 fxe5 16. Bxe5 Nxe5 17. dxe5 Nxf2 18. Kh2 Rc2 19. b4 Rxf3 20. gxf3 Bg5 21. Nc4 Rxc4 22. Kg2 Bh4 23. Rec1 Qc6 24. Rxc4 Qxc4 25. Qxc4 dxc4 26. Rc1 b5 27. Rc2 Nd3 28. Kf1 Bg3 29. Ke2 Bxe5 30. Ke3 Bf4+ 31. Ke4 Kf7 32. h4 Bc7 33. a4 a6 34. axb5 axb5 35. Ra2 Nxb4 36. Ra7 Nd5 37. Kd4 Kf6 38. Rb7 Bb6+ 39. Ke4 c3 40. Kd3 b4 41. h5 Be3 42. Kc4 Bh6 43. Kb3 Bf4 44. Rb5 h6 45. Rc5 Bg5 46. Rc4 Be3 47. Re4 Kf5 48. Rg4 Bg5 49. Rc4 Nf4 50. Rc7 Nxh5 51. Rf7+ Bf6 52. Kxb4 g6 53. Rc7 Nf4 54. Rc5+ Nd5+ 55. Kb3 h5 56. Rc4 h4 57. Rg4 g5 58. Kc2 Ne3+ 59. Kd3 Nxg4 60. fxg4+ Kxg4 61. Kc2 Kg3 62. Kb3 h3 63. Kc4 h2 64. Kc5 h1=Q 65. Kd6 Qd5+ 66. Kc7 Be5+ 67. Kc8 Qd6 68. Kb7 Qc7+ 69. Ka8 Qc6+ 70. Ka7 Bd4+ 71. Kb8 Qd6+ 72. Kc8 c2 73. Kb7 c1=Q 74. Ka8 Qc8# 0-1


[Site "https://www.chess.com"]

[Event "Titled Tuesday Blitz May 16 Late 2023"]
[White "Bogaudinov, Rushan"]
[Black "Sliwicki, Damian"]
[WhiteFideId "4129288"]
[BlackFideId "1127128"]
[WhiteElo "1941"]
[BlackElo "2030"]
[Result "1/2-1/2"]
[Round "06"]
[TimeControl "180+2"]
[Date "2023.05.16"]
[WhiteClock "0:00:20"]
[BlackClock "0:00:05"]

1. e4 c5 2. Nf3 g6 3. g3 h5 4. Bg2 Nc6 5. c3 e5 6. d4 cxd4 7. cxd4 h4 8. d5 h3 9. Bf1 Nb4 10. a3 Na6 11. b4 d6 12. Nc3 Bg7 13. Bg5 f6 14. Be3 Nh6 15. Bb5+ Bd7 16. Qa4 Nc7 17. Bxd7+ Qxd7 18. Qxd7+ Kxd7 19. Rc1 Rac8 20. Ke2 a6 21. Nh4 g5 22. Nf3 Na8 23. Rc2 Ng4 24. Rhc1 Rc7 25. Na4 Rhc8 26. Rxc7+ Rxc7 27. Rxc7+ Nxc7 28. Nc3 Bf8 29. a4 Be7 30. Bd2 Bd8 31. a5 Nb5 32. Nxb5 axb5 33. Be1 b6 34. a6 Kc7 35. Kf1 Kb8 36. Kg1 Ka7 37. Kh1 Kxa6 38. Ng1 f5 39. exf5 Nf6 40. Nxh3 Nxd5 41. f3 Kb7 42. Kg2 Kc6 43. Bd2 Bf6 44. Nxg5 Ne7 45. Ne4 Bh8 46. f6 Nd5 47. f7 Bg7 48. Ng5 Kd7 49. Nh7 Ke7 50. Ng5 Kf6 51. h4 Bh6 52. h5 Bxg5 53. Bxg5+ Kxf7 54. Bd2 Nf6 55. g4 d5 56. Kg3 e4 57. Kf4 exf3 58. Kxf3 Ne4 59. Be1 Kf6 60. Kf4 Nd6 61. Bh4+ Kf7 62. g5 d4 63. g6+ Kg7 64. Bf2 d3 65. Bd4+ Kh6 66. Bc3 Nc4 67. Kg4 d2 68. g7 Kh7 69. Bxd2 Nxd2 70. h6 Ne4 71. Kf5 Nd6+ 72. Ke6 Nc4 73. Kf7 Ne5+ 74. Kf8 Nd7+ 75. Ke7 Ne5 76. Kf6 Ng4+ 77. Ke6 Nxh6 78. Kd6 Nf5+ 79. Kc6 Kxg7 80. Kxb5 Nd4+ 81. Kxb6 Kf6 82. Kc5 Ke5 83. Kc4 Ne6 84. Kb5 Kd6 85. Kb6 Nc7 86. Kb7 Nd5 87. b5 Nc3 88. Ka6 Nxb5 1/2-1/2


[Site "https://www.chess.com"]

[Event "Titled Tuesday Blitz May 16 Late 2023"]
[White "Blitz"]
[Black "Abduzhaparov"]
[WhiteElo "2509"]
[BlackElo "2387"]
[Result "0-1"]
[Round "06"]
[TimeControl "180+2"]
[Date "2023.05.16"]
[WhiteClock "0:00:00"]
[BlackClock "0:00:21"]

1. d4 d6 2. e4 Nf6 3. Nc3 e5 4. f4 exd4 5. Qxd4 Nc6 6. Qd2 Qe7 7. Bd3 Nb4 8. Nf3 c6 9. O-O d5 10. exd5 Qc5+ 11. Kh1 Nbxd5 12. Re1+ Be7 13. Nxd5 Nxd5 14. c4 Nf6 15. b4 Qh5 16. Ba3 Bg4 17. Rxe7+ Kxe7 18. b5+ c5 19. Qe3+ Kf8 20. Bxc5+ Kg8 21. Ne5 b6 22. Bd4 Re8 23. h3 Bf5 24. Be2 Bg4 25. Bd3 Bf5 26. Be2 Qh6 27. Kg1 Nd7 28. g4 Nxe5 29. gxf5 f6 30. fxe5 Qxe3+ 31. Bxe3 Rxe5 32. Kf2 Kf7 33. Bf3 Rhe8 34. Bd5+ Kf8 35. Bd4 Rxf5+ 36. Kg3 Rg5+ 37. Kf4 Rh5 38. Bg2 Rh4+ 39. Kg3 Rxd4 40. Rc1 Rd3+ 41. Kh4 Rd4+ 42. Kg3 Re3+ 43. Kf2 Ra3 44. Bd5 Rxa2+ 45. Ke3 Rh4 46. c5 Ra3+ 47. Kf2 bxc5 48. Rxc5 Rhxh3 49. Rc7 Rh2+ 50. Kg1 Rb2 0-1


[Site "https://www.chess.com"]

[Event "Titled Tuesday Blitz May 16 Late 2023"]
[White "Hajiyev, Kanan"]
[Black "Szyszylo, Rafal"]
[WhiteFideId "13404148"]
[BlackFideId "1109626"]
[WhiteElo "2103"]
[BlackElo "1951"]
[Result "0-1"]
[Round "06"]
[TimeControl "180+2"]
[Date "2023.05.16"]
[WhiteClock "0:00:05"]
[BlackClock "0:00:03"]

1. d4 d6 2. Nf3 g6 3. g3 Nf6 4. Bg2 Bg7 5. O-O O-O 6. b3 Nc6 7. Bb2 e5 8. dxe5 dxe5 9. Nxe5 Qxd1 10. Rxd1 Ng4 11. Nd3 Nd4 12. Bxd4 Bxd4 13. c3 Bg7 14. h3 Ne5 15. f4 Nxd3 16. Rxd3 Re8 17. e4 Bd7 18. Rxd7 Rad8 19. Rxd8 Rxd8 20. Na3 Bxc3 21. Rf1 Rd2 22. Nb5 Ba5 23. a4 c6 24. Na3 Bb4 25. Nc4 Bc5+ 26. Kh1 Rd3 27. Rb1 b5 28. Ne5 Rxg3 29. Nxc6 b4 30. Kh2 Rc3 31. e5 Be3 32. Na5 Bxf4+ 33. Kh1 Bxe5 34. Bd5 Kg7 35. Kg1 Rxh3 36. Rf1 f5 37. Bc4 Rc3 38. Nc6 Bd6 39. Rd1 Bc5+ 40. Kg2 Rc2+ 41. Kf3 h5 42. Kf4 Rf2+ 43. Ke5 h4 44. Kd5 Be3 45. Rd3 f4 46. Ne5 h3 47. Ke4 h2 48. Rd1 Rg2 49. Kf3 Rg1 50. Rd7+ Kh6 51. Ng4+ Rxg4 52. Kxg4 h1=Q 53. Bd5 Qh2 54. Kf3 Qg3+ 55. Ke4 Kg5 56. Kd3 Kf6 57. Be4 Qe1 58. Kc4 Qc1+ 59. Kb5 Qc5+ 60. Ka6 Qb6# 0-1


[Site "https://www.chess.com"]

[Event "Titled Tuesday Blitz May 16 Late 2023"]
[White "FromTexas54"]
[Black "Bilan, Danila"]
[BlackFideId "24161918"]
[WhiteElo "2381"]
[BlackElo "2182"]
[Result "0-1"]
[Round "06"]
[TimeControl "180+2"]
[Date "2023.05.16"]
[WhiteClock "0:00:00"]
[BlackClock "0:00:08"]

1. Nf3 d5 2. d4 Nf6 3. c4 c6 4. Nc3 e6 5. Bg5 Nbd7 6. e3 Qa5 7. Nd2 Bb4 8. Qc2 Ne4 9. Ndxe4 dxe4 10. Bf4 O-O 11. Be2 f6 12. O-O Bxc3 13. bxc3 e5 14. Bg3 f5 15. c5 f4 16. Bc4+ Kh8 17. Bh4 f3 18. Qxe4 fxg2 19. Rfc1 Nf6 20. Qxe5 Bg4 21. Qg3 Bh5 22. Bd3 Rae8 23. Qh3 Bg4 24. Qg3 Be6 25. Bg5 Bd5 26. Qh4 Be4 27. Bxf6 Bxd3 28. Be5 Bg6 29. Qg3 Qa6 30. h4 Qe2 31. Re1 Qh5 32. Qg5 Qf3 33. Bg3 Rf5 0-1


[Site "https://www.chess.com"]

[Event "Titled Tuesday Blitz May 16 Late 2023"]
[White "Seletsky, Grigory"]
[Black "Bryant, Todd"]
[WhiteFideId "14112191"]
[BlackFideId "2031299"]
[WhiteElo "2491"]
[BlackElo "2363"]
[Result "0-1"]
[Round "06"]
[TimeControl "180+2"]
[Date "2023.05.16"]
[WhiteClock "0:00:04"]
[BlackClock "0:00:11"]

1. e4 c5 2. Nf3 d6 3. c3 Nf6 4. Bd3 e5 5. O-O g5 6. Bb5+ Nc6 7. d3 g4 8. Bxc6+ bxc6 9. Nfd2 h5 10. f4 exf4 11. Rxf4 Bh6 12. Rf1 Be3+ 13. Kh1 g3 14. Nc4 Ng4 15. h3 Nf2+ 16. Rxf2 Bxf2 17. Bf4 Qh4 18. Nxd6+ Kf8 19. Nxc8 Qxf4 20. Na3 Rxc8 21. Qa4 Qd6 22. Rd1 Rc7 23. Nc4 Qd8 24. Ne5 Rh6 25. Qc4 Re6 26. Nf3 Rd7 27. e5 Rd5 28. Qe4 Qc7 29. d4 cxd4 30. cxd4 Rexe5 31. Nxe5 Qxe5 32. Qh7 Qe6 33. Qh8+ Ke7 34. b3 Kd7 35. Qb8 Qd6 36. Qxa7+ Qc7 37. Qa8 Rxd4 38. Rf1 Qd6 39. Qg8 Rd1 40. Qxf7+ Kc8 41. Qf5+ Kb7 42. Qf7+ Kb6 43. Qc4 Rxf1+ 44. Qxf1 Qe5 45. Qd1 Qe1+ 46. Qxe1 Bxe1 47. Kg1 Bf2+ 48. Kf1 Kb5 49. Ke2 Kb4 50. Kd3 Ka3 51. Kc4 Kxa2 52. b4 Ka3 53. b5 cxb5+ 54. Kxb5 Kb3 55. Kc6 Kc3 56. Kd5 Kd3 57. Ke5 Ke3 58. Kf5 Ke2 59. Kg5 Kf1 60. Kxh5 Kxg2 61. Kg4 Bd4 62. h4 Kf2 63. h5 g2 64. h6 g1=Q+ 65. Kh5 Be3 0-1


[Site "https://www.chess.com"]

[Event "Titled Tuesday Blitz May 16 Late 2023"]
[White "Jovic, Stanoje"]
[Black "Vaglio Munoz, Jaime"]
[WhiteFideId "905020"]
[BlackFideId "6500145"]
[WhiteElo "2236"]
[BlackElo "2199"]
[Result "1-0"]
[Round "06"]
[TimeControl "180+2"]
[Date "2023.05.16"]
[WhiteClock "0:00:10"]
[BlackClock "0:00:36"]

1. c4 c6 2. e4 a6 3. Nf3 b5 4. d4 bxc4 5. Bxc4 d5 6. Bb3 Bg4 7. O-O e6 8. exd5 cxd5 9. h3 Bxf3 10. Qxf3 Nf6 11. Bg5 Be7 12. Ba4+ Nbd7 13. Nc3 O-O 14. Bxd7 Qxd7 15. Bxf6 Bxf6 16. Rfd1 Rfb8 17. b3 Qa7 18. Ne2 a5 19. Rab1 Rb4 20. a3 Rb5 21. Nc3 Rb7 22. Qd3 Rab8 23. Ne2 Rc7 24. Rdc1 Rbc8 25. Rxc7 Qxc7 26. b4 axb4 27. axb4 Qb6 28. b5 Rc4 29. Qa3 g5 30. Qa6 Bd8 31. Qxb6 Bxb6 32. Kf1 f5 33. Ke1 Kf7 34. Kd2 Kf6 35. Kd3 h5 36. f3 Ra4 37. Rb3 e5 38. Rc3 Bxd4 39. Rc6+ Ke7 40. Nxd4 Rxd4+ 41. Kc3 Kd7 42. Rg6 g4 43. Rg7+ Kc8 44. Rg5 gxf3 45. gxf3 Rf4 46. Rxh5 Kb7 47. h4 Kb6 48. Rh8 Kxb5 49. h5 Rxf3+ 50. Kd2 Rh3 51. h6 Kc4 52. h7 Kd4 53. Ke2 e4 54. Kf2 f4 55. Kg2 Rh6 56. Kf2 Kd3 57. Rd8 Rxh7 58. Rxd5+ Kc4 59. Rd8 Rh2+ 60. Kg1 Rd2 61. Rxd2 e3 62. Rd8 f3 63. Kf1 Kc3 64. Ke1 Kc4 65. Rd7 Kc3 66. Rf7 f2+ 67. Ke2 Kd4 68. Rf4+ Ke5 69. Rh4 Kf5 70. Rh3 Kg4 71. Rxe3 Kf4 72. Rf3+ Kg4 73. Kxf2 Kg5 74. Ke3 Kg4 75. Ke4 Kg5 76. Rf4 Kg6 77. Rf5 Kh6 78. Ke5 Kg6 79. Ke6 Kg7 80. Rf6 1-0


[Site "https://www.chess.com"]

[Event "Titled Tuesday Blitz May 16 Late 2023"]
[White "Carrasco Miranda, Andres"]
[Black "Deviprasath, Sharvesh"]
[WhiteFideId "3405990"]
[BlackFideId "30938228"]
[WhiteElo "2183"]
[BlackElo "2168"]
[Result "0-1"]
[Round "06"]
[TimeControl "180+2"]
[Date "2023.05.16"]
[WhiteClock "0:00:00"]
[BlackClock "0:00:14"]

1. d4 d5 2. c4 e6 3. g3 Nf6 4. Bg2 Bb4+ 5. Nd2 O-O 6. Nf3 dxc4 7. O-O c3 8. Nc4 b5 9. Nfe5 Nd5 10. a3 Bd6 11. Na5 c5 12. bxc3 Qxa5 13. c4 Bxe5 14. cxd5 Bxd4 15. dxe6 Bxe6 16. Rb1 Bf5 17. Bxa8 Bxb1 18. Bd2 Qxa3 19. Qxb1 b4 20. e3 Bf6 21. Qf5 Na6 22. Be4 Re8 23. Qxh7+ Kf8 24. Bd5 Nc7 25. e4 Qd3 26. Bf4 Nb5 27. Qh5 g6 28. Qh7 Bg7 29. Bh6 Qd4 30. Qh8+ Ke7 31. Qxg7 Qxg7 32. Bxg7 Rc8 33. Bc4 Nd6 34. Bd5 c4 35. e5 Nf5 36. Bf6+ Kf8 37. Ra1 c3 38. Rxa7 c2 39. Rxf7+ Ke8 40. Bg5 c1=Q+ 41. Bxc1 Rxc1+ 42. Kg2 Rd1 43. Bf3 Re1 44. Rb7 Rb1 0-1


[Site "https://www.chess.com"]

[Event "Titled Tuesday Blitz May 16 Late 2023"]
[White "Fernandez Siles, Luis"]
[Black "Molenda, Marcin"]
[WhiteFideId "2209420"]
[BlackFideId "1173065"]
[WhiteElo "2195"]
[BlackElo "2286"]
[Result "0-1"]
[Round "06"]
[TimeControl "180+2"]
[Date "2023.05.16"]
[WhiteClock "0:00:44"]
[BlackClock "0:02:04"]

1. d4 Nf6 2. c4 c5 3. d5 e6 4. Nc3 exd5 5. cxd5 d6 6. e4 a6 7. f4 g6 8. e5 dxe5 9. fxe5 Ng4 10. e6 f5 11. Be2 Bd6 12. Ne4 fxe4 13. Bxg4 Qh4+ 14. g3 Bxg3+ 15. hxg3 Qxh1 16. Be3 Qg2 17. d6 O-O 18. Bf4 Qxg1+ 19. Kd2 Qd4+ 20. Kc2 Qc4+ 21. Kd2 Bxe6 0-1


[Site "https://www.chess.com"]

[Event "Titled Tuesday Blitz May 16 Late 2023"]
[White "Ladan, Nicholas"]
[Black "Stachanczyk, Jacek"]
[WhiteFideId "30918855"]
[BlackFideId "1116657"]
[WhiteElo "2167"]
[BlackElo "2084"]
[Result "1-0"]
[Round "06"]
[TimeControl "180+2"]
[Date "2023.05.16"]
[WhiteClock "0:00:06"]
[BlackClock "0:00:16"]

1. d4 Nf6 2. Nf3 g6 3. Nbd2 d5 4. e3 Bg7 5. b4 O-O 6. c4 a5 7. b5 dxc4 8. Bxc4 c5 9. dxc5 Ne4 10. Nxe4 Bxa1 11. Nd4 Bf5 12. Ng5 e5 13. Nxf5 Qxg5 14. Nd6 Bc3+ 15. Kf1 Nd7 16. Ne4 Qh4 17. Qd3 Rad8 18. Nxc3 Nxc5 19. Qe2 e4 20. Ba3 Rc8 21. Nd5 Nd3 22. Bxd3 exd3 23. Qxd3 Rfd8 24. e4 h5 25. f3 Kh7 26. Ke2 Qg5 27. Kf2 Rd7 28. Rd1 f5 29. Nf6+ Qxf6 30. Qxd7+ Kh6 31. Bc1+ 1-0


[Site "https://www.chess.com"]

[Event "Titled Tuesday Blitz May 16 Late 2023"]
[White "Szente Varga, Fruzsina"]
[Black "Liu, Eric"]
[WhiteFideId "712264"]
[BlackFideId "30960240"]
[WhiteElo "1994"]
[BlackElo "2094"]
[Result "1-0"]
[Round "06"]
[TimeControl "180+2"]
[Date "2023.05.16"]
[WhiteClock "0:00:28"]
[BlackClock "0:00:07"]

1. e4 b6 2. d4 Bb7 3. Nc3 e6 4. f3 h5 5. Be3 h4 6. Qd2 d6 7. O-O-O c5 8. dxc5 bxc5 9. Bxc5 Nc6 10. Bxd6 Nf6 11. Nb5 Rc8 12. Qf2 Qa5 13. Bxf8 Kxf8 14. a3 Ba6 15. Nd6 Rb8 16. Bxa6 Qxa6 17. Qc5 Nd7 18. Qc3 Nf6 19. Ne2 Rh5 20. Nd4 Na5 21. Qc7 Kg8 22. Qxb8+ Kh7 23. Nxf7 Qc4 24. f4 Nxe4 25. Qh8+ Kg6 26. Ne5+ Rxe5 27. fxe5 Nc5 28. Qe8+ Kh6 29. Qh8+ Kg6 30. Qxh4 Nab3+ 31. Kb1 Na5 32. Qg4+ Kh6 33. Rhf1 Na4 34. Rf3 Nc3+ 35. Rxc3 Qxc3 36. bxc3 Nc4 37. Rd3 Nxa3+ 38. Ka2 Nc4 39. Rh3# 1-0


[Site "https://www.chess.com"]

[Event "Titled Tuesday Blitz May 16 Late 2023"]
[White "Tomaszewski, Kacper"]
[Black "Ansh M Shah"]
[WhiteFideId "1127373"]
[BlackFideId "25033379"]
[WhiteElo "2211"]
[BlackElo "2084"]
[Result "0-1"]
[Round "06"]
[TimeControl "180+2"]
[Date "2023.05.16"]
[WhiteClock "0:00:00"]
[BlackClock "0:01:25"]

1. c4 c5 2. Nf3 Nf6 3. Nc3 Nc6 4. e3 g6 5. d4 cxd4 6. exd4 d5 7. Bg5 dxc4 8. Bxf6 exf6 9. Bxc4 Bg7 10. O-O O-O 11. d5 Ne5 12. Nxe5 fxe5 13. d6 Bd7 14. Nd5 Kh8 15. Qb3 b5 16. Be2 Be6 17. Qxb5 Qxd6 18. Rfd1 Rab8 19. Qa5 Rxb2 20. Nf4 Qb6 21. Qxb6 Rxb6 22. Nxe6 Rxe6 23. Rd7 a5 24. Ra7 e4 25. Rc1 Re5 26. Rcc7 Rf5 27. Bg4 Rf4 28. h3 Bd4 29. Ra6 Rxf2 30. Rcc6 Rxa2+ 31. Kh2 Be5+ 32. Kg1 Bg3 33. Kf1 e3 0-1


[Site "https://www.chess.com"]

[Event "Titled Tuesday Blitz May 16 Late 2023"]
[White "Celestino, Rafael Teixeira"]
[Black "Geivondian, Arman"]
[WhiteFideId "2108925"]
[BlackFideId "24102032"]
[WhiteElo "2334"]
[BlackElo "2278"]
[Result "0-1"]
[Round "06"]
[TimeControl "180+2"]
[Date "2023.05.16"]
[WhiteClock "0:01:26"]
[BlackClock "0:02:18"]

1. e4 c6 2. Nf3 d5 3. Nc3 dxe4 4. Nxe4 Nf6 5. Neg5 h6 6. Nxf7 Kxf7 7. Bc4+ Ke8 8. Ne5 e6 9. Qe2 Bd6 10. Ng6 Kf7 11. Nxh8+ Qxh8 12. d4 Qe8 13. O-O Nbd7 14. Re1 Nf8 15. Bd2 Bd7 16. Rad1 Rd8 17. Qf3 Kg8 18. Bxh6 Qg6 19. Bf4 Be8 20. Re2 Bf7 21. Rde1 Bxf4 22. Qxf4 Rd7 23. c3 Qf5 24. Qg3 Nh5 25. Qh4 Ng6 26. Qe4 Nhf4 27. Qxf5 Nxe2+ 28. Rxe2 exf5 29. Re8+ Kh7 30. Bxf7 Rxf7 31. g3 Re7 32. Ra8 a6 33. a4 f4 34. b4 f3 35. h4 Re1+ 36. Kh2 Rf1 37. Ra7 Rxf2+ 38. Kg1 Rg2+ 39. Kf1 Ne7 40. Rxb7 Nf5 41. Rf7 Ne3+ 42. Ke1 Re2# 0-1


[Site "https://www.chess.com"]

[Event "Titled Tuesday Blitz May 16 Late 2023"]
[White "Figorito, Nick"]
[Black "krucki03"]
[WhiteFideId "30923689"]
[WhiteElo "2327"]
[BlackElo "2467"]
[Result "1-0"]
[Round "06"]
[TimeControl "180+2"]
[Date "2023.05.16"]
[WhiteClock "0:00:38"]
[BlackClock "0:00:00"]

1. Nf3 d5 2. g3 e6 3. Bg2 Nf6 4. O-O Be7 5. d4 O-O 6. Nbd2 b6 7. b3 c5 8. Bb2 Nc6 9. c4 cxd4 10. Nxd4 Nxd4 11. Bxd4 Bb7 12. cxd5 Bxd5 13. Bxd5 Qxd5 14. Nf3 Rfd8 15. Bxf6 Bxf6 16. Qxd5 Rxd5 17. Rac1 h6 18. Rc7 a5 19. Rb7 Rb5 20. Rc1 a4 21. bxa4 Rxa4 22. Rc8+ Kh7 23. Rc2 Kg6 24. e3 Rb1+ 25. Kg2 b5 26. Nd2 Rbb4 27. Nb3 Rc4 28. Re2 b4 29. h4 h5 30. Rb5 Bc3 31. Nc5 Ra3 32. Nd3 e5 33. Rxe5 Kh7 34. Rxh5+ Kg8 35. Rc5 1-0


[Site "https://www.chess.com"]

[Event "Titled Tuesday Blitz May 16 Late 2023"]
[White "Vifleemskaia, Svetlana"]
[Black "Shapiro, Viktor"]
[WhiteFideId "4129490"]
[BlackFideId "4175700"]
[WhiteElo "1930"]
[BlackElo "2152"]
[Result "0-1"]
[Round "06"]
[TimeControl "180+2"]
[Date "2023.05.16"]
[WhiteClock "0:00:00"]
[BlackClock "0:00:57"]

1. d4 Nf6 2. c4 c5 3. d5 e6 4. Nc3 exd5 5. cxd5 d6 6. e4 g6 7. Bb5+ Nbd7 8. a4 Bg7 9. Nf3 O-O 10. O-O Re8 11. Re1 a6 12. Bd3 Ng4 13. h3 Nge5 14. Nxe5 Nxe5 15. Bf1 Rb8 16. f4 Nd7 17. Qd3 c4 18. Qxc4 Nc5 19. Bd2 b5 20. axb5 axb5 21. Nxb5 Bxb2 22. Rab1 Bg7 23. Nxd6 Qxd6 24. Rxb8 Qxb8 25. Qxc5 Qb2 26. Qc1 Qd4+ 27. Kh1 Bd7 28. Qc2 Qf2 29. Qd3 Bd4 30. Be2 Bg7 31. e5 Bf5 32. Qf3 Qd4 33. Be3 Qb4 34. d6 Qxe1+ 35. Kh2 Be4 36. Qxe4 Qxe2 37. d7 Rd8 0-1


[Site "https://www.chess.com"]

[Event "Titled Tuesday Blitz May 16 Late 2023"]
[White "Rose, Felix"]
[Black "Koutlas, Nikolaos"]
[WhiteFideId "5105722"]
[BlackFideId "25827138"]
[WhiteElo "2039"]
[BlackElo "2215"]
[Result "0-1"]
[Round "06"]
[TimeControl "180+2"]
[Date "2023.05.16"]
[WhiteClock "0:00:26"]
[BlackClock "0:00:55"]

1. e4 e6 2. d4 d5 3. Nc3 h6 4. Nf3 Nf6 5. Bd3 c5 6. exd5 exd5 7. Qe2+ Be6 8. Bb5+ Nc6 9. Ne5 Rc8 10. dxc5 Bxc5 11. O-O O-O 12. Bf4 Nd4 13. Qd1 Nxb5 14. Nxb5 Ne4 15. Nd4 Bxd4 16. Qxd4 Rxc2 17. Qxa7 Rxb2 18. Rab1 Rxb1 19. Rxb1 Qf6 20. Qe3 d4 21. Qf3 Nc3 22. Rxb7 Qxf4 23. Qxf4 Ne2+ 24. Kf1 Nxf4 25. g3 Nd5 26. a4 Ra8 27. Nc6 Rxa4 28. Rb8+ Kh7 29. Rd8 d3 30. Ke1 Ra2 0-1


[Site "https://www.chess.com"]

[Event "Titled Tuesday Blitz May 16 Late 2023"]
[White "Cooklev, Steven"]
[Black "Liu, Casper"]
[WhiteFideId "2050552"]
[BlackFideId "1454153"]
[WhiteElo "2292"]
[BlackElo "2221"]
[Result "0-1"]
[Round "06"]
[TimeControl "180+2"]
[Date "2023.05.16"]
[WhiteClock "0:00:17"]
[BlackClock "0:01:03"]

1. e4 e5 2. Bc4 Nc6 3. Nc3 Nf6 4. d3 Bc5 5. f4 d6 6. Nf3 Bg4 7. Na4 Nd4 8. Nxc5 dxc5 9. fxe5 Nh5 10. O-O Bxf3 11. gxf3 Qh4 12. f4 O-O-O 13. Bxf7 g6 14. c3 Nc6 15. Be3 Rhf8 16. Be6+ Kb8 17. Qg4 Qe7 18. Bd5 Na5 19. b4 cxb4 20. cxb4 Qxb4 21. Rab1 Qa3 22. Qe2 c6 23. Bc1 Qe7 24. Bb3 Nxb3 25. Rxb3 Qh4 26. Qb2 Rd7 27. e6 Rc7 28. Qe5 Qg4+ 29. Kh1 Qe2 30. Rg1 Qf3+ 31. Rg2 Qf1+ 32. Rg1 Ng3+ 33. hxg3 Qh3# 0-1


[Site "https://www.chess.com"]

[Event "Titled Tuesday Blitz May 16 Late 2023"]
[White "Lucas, Arthur"]
[Black "Wieczorek, Zbigniew"]
[WhiteFideId "26093073"]
[BlackFideId "1102001"]
[WhiteElo "2251"]
[BlackElo "2292"]
[Result "0-1"]
[Round "06"]
[TimeControl "180+2"]
[Date "2023.05.16"]
[WhiteClock "0:00:11"]
[BlackClock "0:01:34"]

1. e4 g6 2. d4 Bg7 3. Nc3 c6 4. Be3 d5 5. e5 f6 6. f4 Nh6 7. Nf3 Bg4 8. Be2 O-O 9. Qd2 Nd7 10. O-O-O Nf5 11. Bf2 Bxf3 12. Bxf3 fxe5 13. dxe5 Nxe5 14. Be2 Nf7 15. Kb1 e5 16. g4 N5d6 17. Bg3 d4 18. fxe5 dxc3 19. Qxc3 Qb6 20. Rhf1 Ne4 21. Qc4 Nxg3 22. hxg3 Bxe5 23. Rd7 Qxb2# 0-1


[Site "https://www.chess.com"]